 Dungeon Crawl Stone Soup version 0.19.5 (webtiles) character file.

15778 tricornhat the Basher (level 12, -4/94 HPs)
             Began as a Demonspawn Berserker on Apr 10, 2017.
             Was a High Priest of Trog.
             Killed from afar by Harold (10 damage)
             ... with a wand of lightning
             ... on level 11 of the Dungeon on Apr 11, 2017.
             The game lasted 01:24:04 (16216 turns).

tricornhat the Basher (Demonspawn Berserker)       Turns: 16216, Time: 01:24:05

Health: -4/94      AC: 24    Str: 22    XL:     12   Next: 4%
Magic:  0/4        EV:  8    Int:  8    God:    Trog [*****.]
Gold:   703        SH:  0    Dex: 14    Spells: 0 memorised, 11 levels left

rFire  . . .     SeeInvis .     t - +4 great mace (antimagic)
rCold  . . .     Gourm    .     g - +0 plate armour
rNeg   . . .     Faith    .     (shield currently unavailable)
rPois  .         Spirit   +     (no helmet)
rElec  .         Reflect  .     r - +1 cloak
rCorr  .         Harm     .     (no gloves)
MR     .....                    (no boots)
Stlth  ..........               (no amulet)
                                (no ring)
                                (no ring)

@: exhausted, sanguine armour, slowed, very slow
A: talons 2, magic shield, sanguine armour 2
a: Berserk, Trog's Hand, Brothers in Arms, Burn Spellbooks, Renounce Religion


You were on level 11 of the Dungeon.
You worshipped Trog.
Trog was extremely pleased with you.
You were hungry.

You visited 1 branch of the dungeon, and saw 11 of its levels.

You collected 703 gold pieces.

Inventory:

Hand Weapons
 a - the +8 war axe of the Six Hells {freeze, rF+ Int+4}
   (You found it on level 9 of the Dungeon)

   It has been specially enchanted to freeze those struck by it, causing extra
   injury to most foes and up to half again as much damage against particularly
   susceptible opponents.
   It can also slow down cold-blooded creatures.
   It affects your intelligence (+4).
   It protects you from fire.
 b - a +0 shortbow
 m - a +1 battleaxe of chopping
 t - a +4 antimagic great mace (weapon)
Missiles
 u - 119 arrows
 C - 7 silver tomahawks (quivered)
Armour
 g - a +0 plate armour (worn)
 r - a +1 cloak (worn)
 B - a +0 buckler
 H - a +0 helmet
Jewellery
 E - an uncursed ring of stealth
Wands
 l - a wand of iceblast (0/15)
 o - a wand of iceblast (4/15)
 p - a wand of iceblast (7/15)
 y - a wand of flame (23/48)
 A - a wand of digging (9/24)
 J - a wand of acid (2/15)
Scrolls
 e - a scroll of fear
 f - 4 scrolls of identify
 h - 4 scrolls of remove curse
 D - a scroll of magic mapping
Potions
 d - a potion of brilliance
 i - 2 potions of agility
 k - a potion of mutation {unknown}
 s - a potion of degeneration {unknown}
 v - a potion of flight {unknown}
 w - a potion of berserk rage {unknown}
 G - a potion of curing
Comestibles
 c - 2 bread rations
 n - 14 royal jellies
 q - 10 meat rations
 z - 4 slices of pizza
 F - 2 beef jerkies


   Skills:
 + Level 8.5 Fighting
 - Level 5.4(10.1) Axes
 * Level 12.9(13.2) Maces & Flails
 + Level 0.6 Bows
 + Level 0.1 Throwing
 + Level 7.9 Armour
 + Level 2.8 Dodging
 - Level 0.2 Stealth
 + Level 2.6 Shields
 + Level 1.9 Evocations


You had 11 spell levels left.
You didn't know any spells.

Dungeon Overview and Level Annotations

Branches:
Dungeon (11/15)            Temple (0/1) D:4            Lair (0/6) D:11
    Orc (0/2) D:10

Altars:
Cheibriados
Fedhas
Ru
Trog
Uskayaw
Xom
The Shining One

Shops:
D:10 (

Annotations:
D:11 Harold


Innate Abilities, Weirdness & Mutations

You have razor-sharp toenails.
When hurt, damage is shared between your health and your magic reserves.
When seriously injured, your bleeding wounds create thick armour. (AC +9)


Message History

Harold is lightly wounded.
Harold hits you with a flail.
* * * LOW HITPOINT WARNING * * *
Harold points at you and mumbles some strange words.
The bolt of fire misses you.
You sock Harold!
Harold's magic leaks into the air.
You claw Harold, but do no damage.
Harold is moderately wounded.
Harold zaps a wand.
The bolt of lightning hits you!
* * * LOW HITPOINT WARNING * * *
Your plate armour prevents you from hitting Harold.
Your kick misses Harold.
Harold is moderately wounded.
Harold hits you but does no damage.
You hit Harold but do no damage. Your kick misses Harold.
Harold is moderately wounded.
Harold hits you with a flail.
* * * LOW HITPOINT WARNING * * *
Harold zaps a wand.
The bolt of lightning hits you!
You die...

# #
##################
#(...............<
#.................
#............†.###
#.##########...#
#)# #...# #@#
#...# #@#######
#...# #KK......
..... #K#######
#####.. #K# #.#
#.# #.# #.#


You could see Harold and 4 kobolds.

Vanquished Creatures
  Erolcha (D:11)
  A hydra (D:8)
  An unseen horror (D:10)
  A hill giant (D:10)
  2 ugly things (D:11)
  Maurice (D:11)
  Joseph (D:10)
  2 gargoyles (D:11)
  A spiny frog (D:11)
  The ghost of tricornhat the Cudgeler, a novice DsBe of Trog (D:5)
  2 centaur skeletons
  A queen bee (D:10)
  A two-headed ogre (D:10)
  3 trolls (D:11)
  2 blink frogs (D:11)
  Grinder (D:5)
  A hippogriff (D:9)
  2 dream sheep (D:8)
  A shadow (D:11)
  A vampire (D:11)
  Grum (D:7)
  8 yaks
  Edmund (D:4)
  A water moccasin (D:9)
  4 orc warriors
  3 phantoms
  2 sky beasts
  A necrophage (D:9)
  An eye of draining (D:10)
  A black bear (D:10)
  3 ogres
  2 wolves (D:7)
  5 centaurs
  6 big kobolds
  6 bullfrogs
  A wyvern zombie (D:11)
  A wyvern skeleton (D:6)
  4 scorpions
  35 killer bees
  8 wights
  5 howler monkeys
  3 crimson imps
  A bullfrog zombie (D:9)
  A centaur zombie (D:7)
  5 orc priests
  3 hounds
  A jelly (D:6)
  9 orc wizards
  2 bullfrog skeletons
  Jessica (D:2)
  3 iguanas
  Ijyb (D:2)
  12 worker ants
  A hound zombie (D:10)
  A hound skeleton (D:6)
  A worker ant zombie (D:5)
  3 gnolls (D:10)
  8 adders
  A shadow imp (D:11)
  An adder zombie (D:6)
  An adder skeleton (D:8)
  2 worms
  3 dart slugs
  7 leopard geckos
  29 orcs
  2 ball pythons
  5 bats
  3 giant cockroaches (D:2)
  8 hobgoblins
  20 jackals
  20 kobolds
  2 quokkas
  6 frilled lizards
  A giant cockroach zombie (D:6)
  9 goblins
  A jackal skeleton (D:3)
  A leopard gecko zombie (D:5)
  2 rats (D:2)
306 creatures vanquished.

Vanquished Creatures (others)
  An orc (D:5)
  A kobold (D:3)
  A quokka (D:11)
3 creatures vanquished.

Grand Total: 309 creatures vanquished

Notes
Turn   | Place    | Note
-------+----------+-------------------------------------------
     0 | D:1      | tricornhat the Demonspawn Berserker began the quest for the Orb.
     0 | D:1      | Reached XP level 1. HP: 18/18 MP: 1/1
   182 | D:1      | Gained mutation: When seriously injured, your bleeding wounds create armour. (AC +9) [demonic ancestry]
   182 | D:1      | Reached XP level 2. HP: 4/24 MP: 2/2
   505 | D:1      | Reached skill level 3 in Maces & Flails
   742 | D:1      | Reached XP level 3. HP: 29/29 MP: 3/3
   899 | D:2      | Reached ** piety under Trog
  1361 | D:2      | Reached XP level 4. HP: 35/35 MP: 4/4
  1629 | D:2      | Noticed Ijyb
  1646 | D:2      | HP: 1/52 [Ijyb/dagger of electrocution (8)]
  1647 | D:2      | Killed Ijyb
  1647 | D:2      | Reached skill level 4 in Maces & Flails
  1970 | D:3      | Noticed Jessica
  1972 | D:3      | Found a faded altar of an unknown god.
  2008 | D:2      | Killed Jessica
  2008 | D:2      | Gained mutation: When seriously injured, your bleeding wounds create thick armour. (AC +9) [demonic ancestry]
  2008 | D:2      | Reached XP level 5. HP: 33/41 MP: 5/5
  2542 | D:3      | Found a shimmering altar of Xom.
  2542 | D:3      | Found a shimmering altar of Xom.
  2543 | D:3      | Found a shimmering altar of Xom.
  2543 | D:3      | Found a shimmering altar of Xom.
  2543 | D:3      | Found a shimmering altar of Xom.
  2689 | D:3      | Reached *** piety under Trog
  3027 | D:4      | Found a glowing golden altar of the Shining One.
  3818 | D:4      | Found a hide-covered altar of Uskayaw.
  3819 | D:4      | Noticed a hand axe
  3820 | D:4      | Noticed a hand axe
  4325 | D:4      | Reached skill level 5 in Maces & Flails
  4356 | D:4      | Gained mutation: You have sharp toenails. [demonic ancestry]
  4356 | D:4      | Reached XP level 6. HP: 24/48 MP: 6/6
  4525 | D:4      | Noticed Edmund
  4547 | D:4      | Killed Edmund
  4584 | D:4      | Found a staircase to the Ecumenical Temple.
  4616 | D:5      | Entered Level 5 of the Dungeon
  4913 | D:5      | Noticed an ice beast
  4917 | D:5      | Noticed Grinder
  4943 | D:5      | Noticed tricornhat's ghost (novice DsBe)
  4947 | D:5      | Killed Grinder
  4947 | D:5      | Reached skill level 6 in Maces & Flails
  4947 | D:5      | Gained mutation: When hurt, damage is shared between your health and your magic reserves. [demonic ancestry]
  4947 | D:5      | Reached XP level 7. HP: 35/54 MP: 7/7
  4967 | D:5      | HP: 2/54 [tricornhat's ghost (7)]
  5513 | D:5      | Killed tricornhat's ghost
  5513 | D:5      | Reached skill level 7 in Maces & Flails
  5513 | D:5      | Reached XP level 8. HP: 47/60 MP: 3/8
  6222 | D:6      | Reached skill level 8 in Maces & Flails
  6462 | D:5      | Reached **** piety under Trog
  6462 | D:5      | Reached skill level 5 in Armour
  6780 | D:6      | Reached skill level 5 in Fighting
  7125 | D:6      | Found a sacrificial altar of Ru.
  7192 | D:6      | Found a bloodstained altar of Trog.
  7271 | D:6      | Reached XP level 9. HP: 32/68 MP: 9/9
  7632 | D:6      | Reached skill level 9 in Maces & Flails
  9002 | D:7      | Got a faintly humming robe
  9003 | D:7      | Identified the +1 robe of Wariness {rC+ MR+ Int+4} (You found it on level 7 of the Dungeon)
  9782 | D:8      | Noticed Grum
  9824 | D:7      | Reached skill level 10 in Maces & Flails
 10062 | D:7      | Killed Grum
 10242 | D:8      | Reached skill level 1 in Shields
 10292 | D:8      | Reached XP level 10. HP: 47/76 MP: 8/10
 10455 | D:8      | Noticed a three-headed hydra
 10471 | D:8      | Killed a three-headed hydra
 10471 | D:8      | Reached skill level 11 in Maces & Flails
 10798 | D:8      | Found a blossoming altar of Fedhas.
 10799 | D:8      | Found a snail-covered altar of Cheibriados.
 11791 | D:9      | Got an iridescent war axe
 11792 | D:9      | Identified the +8 war axe of the Six Hells {freeze, rF+ Int+4} (You found it on level 9 of the Dungeon)
 12055 | D:9      | Reached skill level 1 in Axes
 12317 | D:10     | Entered Level 10 of the Dungeon
 12348 | D:10     | Killed an unseen horror
 12348 | D:10     | Reached ***** piety under Trog
 12434 | D:10     | Noticed Joseph
 12451 | D:10     | Killed Joseph
 12666 | D:10     | Found a staircase to the Orcish Mines.
 12733 | D:10     | Found Toka's Weapon Emporium.
 12861 | D:10     | Gained mutation: You have razor-sharp toenails. [demonic ancestry]
 12861 | D:10     | Reached XP level 11. HP: 84/84 MP: 11/11
 12895 | D:9      | Received a gift from Trog
 13290 | D:10     | Noticed a hill giant
 13298 | D:10     | Killed a hill giant
 13664 | D:10     | Reached skill level 1 in Evocations
 13757 | D:10     | Reached skill level 5 in Axes
 13899 | D:11     | Noticed Maurice
 13905 | D:11     | Killed Maurice
 14730 | D:11     | Noticed Erolcha
 14736 | D:11     | Killed Erolcha
 14736 | D:11     | Reached skill level 12 in Maces & Flails
 14746 | D:11     | Noticed a cyan ugly thing
 15027 | D:11     | Found a staircase to the Lair.
 15044 | D:11     | Noticed a red ugly thing
 15054 | D:11     | Killed a cyan ugly thing
 15059 | D:11     | HP: 2/86 [red ugly thing (20)]
 15600 | D:11     | Killed a red ugly thing
 15878 | D:11     | Reached XP level 12. HP: 94/94 MP: 4/13
 16192 | D:11     | Noticed Harold
 16216 | D:11     | Killed from afar by Harold

Skill      XL: |  1  2  3  4  5  6  7  8  9 10 11 |
---------------+----------------------------------+-----
Armour         | 2 3 4 5 6 7 |  7.9
Maces & Flails | 3 4 5 6 7 8 10 11 12 | 12.9
Dodging        | 2 |  2.8
Fighting       | 4 5 6 7 8 |  8.5
Shields        | 1 2 |  2.6
Axes           | 3 5 |  5.4
Evocations     | 1 |  1.9
Bows           | |  0.6
Throwing       | |  0.1
Stealth        | |  0.2

Action                   |  1- 3 |  4- 6 |  7- 9 | 10-12 || total
-------------------------+-------+-------+-------+-------++-------
Melee: Mace              |   163 |   258 |   651 |   164 ||  1236
       Kick              |       |    14 |   227 |   155 ||   396
       War axe           |       |       |       |    94 ||    94
       Great mace        |       |       |       |   261 ||   261
 Fire: Shortbow          |       |       |     4 |       ||     4
Throw: Tomahawk          |       |       |       |     2 ||     2
Invok: Berserk           |     1 |     4 |     6 |     9 ||    20
       Trog's Hand       |       |       |     1 |       ||     1
       Burn Spellbooks   |       |       |     1 |     1 ||     2
Evoke: Wand              |       |       |       |    17 ||    17
  Use: Scroll            |       |     8 |     6 |     7 ||    21
       Potion            |       |       |     4 |     8 ||    12
  Eat: Chunk             |     3 |     8 |    15 |     7 ||    33
       Bread ration      |       |     1 |     1 |       ||     2
       Beef jerky        |       |     1 |       |       ||     1
       Pizza             |       |       |     1 |     4 ||     5
       Meat ration       |       |       |     1 |       ||     1
       Fruit             |       |       |       |    15 ||    15
Armor: Scale mail        |    28 |       |       |       ||    28
       Chain mail        |    67 |   175 |    94 |       ||   336
       Plate armour      |       |       |   255 |   365 ||   620
Dodge: Dodged            |    76 |   127 |   219 |   203 ||   625
Block: Buckler           |       |       |    36 |    54 ||    90
